 Dungeon Crawl Stone Soup version 0.30-a0-222-ge547ba4400 (webtiles) character file.

Game seed: 12394112023455280908

1638 Ijustatesigmund the Trooper (level 8, -2/53 HPs)
             Began as a Gargoyle Fighter on Oct 8, 2022.
             Slain by a water moccasin (7 damage)
             ... on level 6 of the Dungeon.
             The game lasted 00:06:22 (4378 turns).

Ijustatesigmund the Trooper (Gargoyle Fighter)      Turns: 4378, Time: 00:06:23

Health: -2/53      AC: 12    Str: 23    XL:     8   Next: 98%
Magic:  8/8        EV:  9    Int:  8    God:
Gold:   348        SH:  5    Dex:  9    Spells: 7/7 levels left

rFire   . . .      SeeInvis .    p - +8 demon blade "Leech" {vamp, Harm Drain rN+}
rCold   + . .      Faith    .    c - +1 buckler
rNeg    + + .      Spirit   .    b - +0 scale mail
rPois   ∞          Reflect  .    (no helmet)
rElec   +          Harm     +    (no cloak)
rCorr   +          Rampage  .    (no gloves)
Will    .....                    (no boots)
Stlth   ..........               (no amulet)
HPRegen 0.28/turn                e - ring of protection from cold
MPRegen 0.11/turn                d - ring of resist corrosion

@: no status effects
A: sickness immunity, AC +5, negative energy resistance 1, electricity
resistance, torment resistance 1, petrification resistance
a: no special abilities


You were on level 6 of the Dungeon.
You visited 1 branch of the dungeon, and saw 6 of its levels.

You collected 348 gold pieces.

Inventory:

Hand Weapons
 a - a +0 flail of protection
 p - the +8 demon blade "Leech" (weapon) {vamp, Harm Drain rN+}
   (You found it on level 4 of the Dungeon)

   It heals its wielder for a portion of the damage dealt every time it strikes
   a living foe.
   rN:        It protects you from negative energy.
   Drain:     It drains your maximum health when unequipped.
   Harm:      It increases damage dealt and taken.
Armour
 b - a +0 scale mail (worn)
 c - a +1 buckler (worn)
Jewellery
 d - a ring of resist corrosion (right hand)
 e - a ring of protection from cold (left hand)
 k - a ring of ice
 r - a +6 ring of intelligence
Wands
 l - a wand of light (14)
Scrolls
 g - 8 scrolls of teleportation
 t - a scroll of fear {unknown}
 w - 2 scrolls of immolation {unknown}
 x - a scroll of blinking {unknown}
 y - a scroll of enchant armour
 A - a scroll of acquirement {unknown}
 B - a scroll of fog
Potions
 f - 2 potions of resistance
 h - 3 potions of magic
 i - 2 potions of haste
 j - a potion of mutation
 m - 2 potions of curing {unknown}
 n - a potion of ambrosia {unknown}
 o - a potion of attraction {unknown}
 q - a potion of berserk rage {unknown}
 s - 2 potions of degeneration {unknown}
 u - 2 potions of lignification {unknown}
 v - a potion of heal wounds {unknown}
 z - a potion of brilliance {unknown}


   Skills:
 - Level 7.6 Fighting
 + Level 2.6 Long Blades
 - Level 6.5 Maces & Flails
 - Level 3.2 Armour
 - Level 3.2 Shields
 - Level 5.0 Evocations


You had 7 spell levels left.
You didn't know any spells.
Your spell library contained the following spells:

 Spells                   Type           Power      Damage    Failure   Level
 Magic Dart               Conj           0%         1d3       82%         1
 Searing Ray              Conj           0%         2d4       91%         2
 Ignite Poison            Fire/Tmut/Pois 0%         N/A       99%         3
 Kindle Blastsparks       Fire/Tloc/Air  0%         2d10      99%         3
 Fulminant Prism          Conj/Hex       0%         3d6       100%        4
 Freezing Cloud           Conj/Ice/Air   0%         6-21      100%        5


Dungeon Overview and Level Annotations

Branches:
Dungeon (6/15)
 Temple: D:4-7

Altars:
Cheibriados
Okawaru
Xom

Shops:
D:1 [   D:3 =

Annotations:
D:3 1 runed translucent door, Aibolit's ghost, weakling HOBe


Innate Abilities, Weirdness & Mutations

You are immune to sickness and miasma.
Your stone body is resilient. (AC +5)
You are immune to poison.
You resist negative energy. (rN+)
You are resistant to electric shocks. (rElec)
You are resistant to unholy torment.
You are immune to petrification.


Message History

The ice beast is heavily wounded.
The gnoll barely misses you.
The gnoll hits you from afar with a +0 halberd.
The ice beast hits you but does no damage.
The gnoll hits you with a +0 flail!
You slash the ice beast!
You feel better.
The ice beast is almost dead.
The gnoll barely misses you.
The ice beast hits you but does no damage.
The water moccasin misses you. The gnoll hits you with a +0 flail.
The ice beast hits you but does no damage.
The gnoll barely misses you.
You closely miss the ice beast.
The ice beast is almost dead.
The water moccasin completely misses you.
The gnoll hits you but does no damage. You block the water moccasin's attack.
The gnoll hits you from afar with a +0 halberd!
The ice beast barely misses you.
You slash the ice beast!
You feel better.
You kill the ice beast!
The water moccasin barely misses you. The gnoll closely misses you.
The gnoll hits you from afar with a +0 halberd!
* * * LOW HITPOINT WARNING * * *
The water moccasin bites you.
* * * LOW HITPOINT WARNING * * *
Your Long Blades skill increases to level 2!
You closely miss the water moccasin. The gnoll hits you but does no damage.
The water moccasin bites you but does no damage.
The gnoll hits you from afar with a +0 halberd.
* * * LOW HITPOINT WARNING * * *
An ice beast comes into view.
The gnoll hits you with a +0 flail.
* * * LOW HITPOINT WARNING * * *
You block the water moccasin's attack.
You slash the water moccasin!
You feel better.
The water moccasin is heavily wounded.
The gnoll hits you from afar with a +0 halberd.
* * * LOW HITPOINT WARNING * * *
The water moccasin bites you.
You die...

.# .# .# . ## .. .# ..
.....#+####.# .###.Y.
....#........ .......
#......##...###.......
#...............)gg....#
#..............S@)......
...............####....#
....###...#....# ..#
...............# #
..........##...##
...................
................###
.#..###.#.##.....#
#..###.#.##.......


You could see a water moccasin, an ice beast and 2 gnolls.

Vanquished Creatures
  The ghost of SorcV the Ogre Mage, an amateur OgTm (D:4)
  2 ice beasts (D:6)
  2 black bears
  A centaur (D:6)
  2 phantoms
  A bullfrog (D:6)
  A necrophage (D:4)
  A scorpion (D:6)
  A howler monkey (D:6)
  A gnoll bouda (D:6)
  3 hounds
  3 orc priests
  4 iguanas
  5 orc wizards
  10 gnolls
  10 adders
  A river rat (D:4)
  A white imp (D:5)
  A worm (D:4)
  2 dart slugs
  10 orcs
  8 ball pythons
  4 bats
  6 endoplasms
  3 giant cockroaches
  10 goblins
  6 hobgoblins
  3 kobolds
  3 quokkas
  A frilled lizard (D:1)
  5 rats
112 creatures vanquished.

Notes
Turn   | Place    | Note
-------+----------+-------------------------------------------
     0 | D:1      | Ijustatesigmund the Gargoyle Fighter began the quest for
                  | the Orb.
     0 | D:1      | Reached XP level 1. HP: 14/14 MP: 1/1
    36 | D:1      | Found Gogi Hitusu's Armour Shoppe.
   116 | D:1      | Reached XP level 2. HP: 17/19 MP: 2/2
   479 | D:2      | Reached skill level 4 in Fighting
   479 | D:2      | Reached XP level 3. HP: 18/24 MP: 3/3
  1110 | D:2      | Reached XP level 4. HP: 30/30 MP: 4/4
  1386 | D:3      | Noticed Aibolit's ghost (weakling HOBe)
  1413 | D:3      | Noticed a golden eye
  1434 | D:3      | Noticed a great orb of eyes
  1580 | D:3      | Found a runed translucent door.
  1618 | D:3      | Noticed a floating eye
  1619 | D:3      | Found a faded altar of an unknown god.
  1777 | D:3      | Found Ugiasaed's Jewellery Shop.
  1858 | D:3      | Noticed a floating eye
  2129 | D:4      | Found the +8 demon blade "Leech" {vamp, Harm Drain rN+}
  2162 | D:4      | Reached XP level 5. HP: 34/34 MP: 5/5
  2246 | D:4      | Found a snail-covered altar of Cheibriados.
  2246 | D:4      | Noticed a black bear
  2262 | D:4      | Reached skill level 1 in Evocations
  2264 | D:4      | Killed a black bear
  2265 | D:4      | Reached skill level 5 in Fighting
  2265 | D:4      | Reached XP level 6. HP: 40/40 MP: 6/6
  2314 | D:4      | Found a runed translucent door.
  2315 | D:4      | Noticed SorcV's ghost (amateur OgTm)
  2337 | D:4      | Killed SorcV's ghost
  2370 | D:4      | Found a runed translucent door.
  2398 | D:4      | Reached XP level 7. HP: 45/45 MP: 7/7
  2657 | D:4      | Reached skill level 6 in Fighting
  2657 | D:4      | Reached skill level 5 in Maces & Flails
  2658 | D:4      | Found an iron altar of Okawaru.
  3117 | D:5      | Entered Level 5 of the Dungeon
  3250 | D:5      | Reached XP level 8. HP: 32/52 MP: 8/8
  3828 | D:5      | Reached skill level 7 in Fighting
  4132 | D:6      | Found a shimmering altar of Xom.
  4333 | D:6      | Reached skill level 5 in Evocations
  4371 | D:6      | Reached skill level 1 in Long Blades
  4378 | D:6      | Slain by a water moccasin

Illustrated notes

Levels and vault maps discovered:
D:1:      dreamdust_arrival_beginning_and_end, layout_rooms, serial_shops, shop,
          chequers_serial_rivers_small_3
D:2:      layout_loops_corners
D:3:      layout_loops_ring, hellmonk_ghost_happy_afterlife, serial_shops,
          nicolae_diamond_shop, hellmonk_ecumenical_altar_watching_god
D:4:      layout_loops_ring, mainiacjoe_overflow_boulevard,
          ebering_ghost_sewer_f, kennysheep_small_circle
D:5:      layout_loops_ring
D:6:      layout_basic, brannock_xom_greatest_gift, general_overflow_altar,
          grunt_temple_overflow_lords_of_destruction,
          minmay_temple_entry_enclosed_plants

Skill      XL: |  1  2  3  4  5  6  7  8 |
---------------+-------------------------+-----
Fighting       | 4 5 6 7 |  7.6
Maces & Flails | 3 4 5 6 |  6.5
Evocations     | 1 2 3 5 |  5.0
Long Blades    | 2 |  2.6
Armour         | |  3.2
Shields        | |  3.2

Action                   |  1- 3 |  4- 6 |  7- 9 || total
-------------------------+-------+-------+-------++-------
Melee: Flail             |    93 |    55 |       ||   148
       Demon blade       |       |    58 |   146 ||   204
  Use: Potion            |     1 |     1 |       ||     2
       Scroll            |     2 |     3 |     4 ||     9
Armor: Scale mail        |    70 |    61 |    83 ||   214
Dodge: Dodged            |    47 |    57 |    77 ||   181
Block: Buckler           |    27 |    30 |    43 ||   100

Table legend: (Time is in decaauts)
 A = Elapsed time spent in this place.
 B = Non-inter-level travel time spent in this place.
 C = Inter-level travel time spent in this place.
 D = Time resting spent in this place.
 E = Time spent auto-exploring this place.
 F = Levels seen in this place.
 G = Mean time per level.
                   A        B        C        D        E       F      G
               +--------+--------+--------+--------+--------+-----+--------+
         Total |   4487 |   4329 |    158 |    185 |   3318 |   6 |  747.8 |
       Dungeon |   4487 |   4329 |    158 |    185 |   3318 |   6 |  747.8 |
               +--------+--------+--------+--------+--------+-----+--------+

Top non-repeatable levels by time:
     D:4: 1178 daAuts
     D:5: 1038 daAuts
     D:2: 992 daAuts
     D:3: 592 daAuts
     D:1: 426 daAuts
     D:6: 259 daAuts
